 Dungeon Crawl Stone Soup version 0.19.0-2-gae57169 (webtiles) character file.

25 usedmeteor the Skirmisher (level 3, 0/26 HPs)
             Began as an Octopode Abyssal Knight on Nov 4, 2016.
             Was a Follower of Lugonu.
             Slain by an adder (3 damage)
             ... on level 2 of the Dungeon.
             The game lasted 00:03:13 (353 turns).

usedmeteor the Skirmisher (Octopode Abyssal Knight)  Turns: 353, Time: 00:03:14

Health: 0/26       AC:  1    Str: 12    XL:     3   Next: 6%
Magic:  4/4        EV: 13    Int: 14    God:    Lugonu [*.....]
Gold:   40         SH:  0    Dex: 11    Spells: 0 memorised, 2 levels left

rFire  . . .     SeeInvis .     a - +1 spear
rCold  . . .     Gourm    .     (no shield)
rNeg   . . .     Faith    .     (helmet restricted)
rPois  .         Spirit   .     (no amulet)
rElec  .         Reflect  .     (no ring)
rCorr  .         Harm     .     (no ring)
MR     .....                    (no ring)
Stlth  ++........               (no ring)
                                (no ring)
                                (no ring)
                                (no ring)
                                (no ring)

@: no status effects
A: almost no armour, stealthy swim, amphibious, 8 rings, constrict 8, camouflage
1, gelatinous body 1
a: Depart the Abyss, Renounce Religion


You were on level 2 of the Dungeon.
You worshipped Lugonu.
Lugonu was aware of your devotion.
You were not hungry.

You visited 1 branch of the dungeon, and saw 2 of its levels.
You visited the Abyss 1 time.

You collected 40 gold pieces.

Inventory:

Hand Weapons
 a - a +1 spear (weapon)
 c - a +0 dagger
 d - a +0 club
Armour
 e - a +0 leather armour
Scrolls
 h - a scroll of teleportation {unknown}
 i - a scroll of fear {unknown}
 j - a scroll of identify {unknown}
Potions
 f - a potion of degeneration {unknown}
 g - a potion of magic {unknown}
Comestibles
 b - a bread ration


   Skills:
 + Level 3.6 Fighting
 + Level 2.1 Polearms
 + Level 2.7 Dodging
 + Level 0.4 Stealth
 + Level 2.1 Invocations


You had 2 spell levels left.
You didn't know any spells.

Dungeon Overview and Level Annotations

Branches:
Dungeon (2/15)

Altars:


Innate Abilities, Weirdness & Mutations

You cannot wear most types of armour.
You are very stealthy in the water. (Stealth+)
You are amphibious.
You can wear up to eight rings at the same time.
You can use your tentacles to constrict eight enemies at once.
Your skin changes colour to match your surroundings (Stealth+).
Your rubbery body absorbs attacks. (AC +1, EV +1)


Message History

j - a scroll labeled ELOUGY NATA You see here 15 bolts.
You feel sick.
You feel sick.
You are no longer poisoned.
An adder and a goblin come into view.
Found a stone staircase leading down.
The goblin shouts!
The adder hisses angrily.
The adder bites you. The adder barely misses you.
You closely miss the goblin. Your grab misses the goblin.
Your squeeze misses the goblin. The goblin hits you with a dagger.
* * * LOW HITPOINT WARNING * * *
The adder bites you.
* * * LOW HITPOINT WARNING * * *
You closely miss the goblin. Your grab misses the goblin.
Your squeeze misses the goblin. The goblin barely misses you.
The adder completely misses you.
You barely miss the goblin. Your grab misses the goblin. The adder bites you.
You die...

.#.##.##......#
...##.####.#..# ##.
.####.........# ....
... ######.##.####...^
(.....................
.#######...#..........
## #.###.#..##.##
#.#...##.##
#.#.####S@# #... ##g#
### #.. .... ...>#
##############...###
.............#....
############.#....
#...#


You could see an adder and a goblin.

Vanquished Creatures
  An adder (D:2)
  2 dart slugs
  A giant cockroach (D:1)
  2 goblins (D:1)
  A hobgoblin (D:1)
  A quokka (D:2)
  2 frilled lizards
  A kobold (D:1)
  3 rats (D:1)
14 creatures vanquished.

Notes
Turn   | Place    | Note
-------+----------+-------------------------------------------
     0 | Abyss:1  | usedmeteor the Octopode Abyssal Knight began the quest for the Orb.
     0 | Abyss:1  | Reached XP level 1. HP: 16/16 MP: 2/2
    10 | D:1      | Escaped the Abyss
   166 | D:1      | Reached XP level 2. HP: 14/21 MP: 3/3
   196 | D:1      | Reached * piety under Lugonu
   320 | D:2      | Reached XP level 3. HP: 16/26 MP: 4/4
   353 | D:2      | Slain by an adder

Action                   || total
-------------------------++-------
Melee: Spear             ||    27
       Constrict         ||    11
       Tentacles         ||     4
Invok: Depart the Abyss  ||     1
  Use: Scroll            ||     2
       Potion            ||     1
 Stab: Sleeping          ||     3
Armor: Skin              ||     1
Dodge: Dodged            ||    10
